 Dungeon Crawl Stone Soup version 0.21-a0-426-g98080a9 (webtiles) character file.

21 grizmgrazm2 the Magician (level 2, 0/16 HPs)
             Began as a Deep Elf Wizard on Nov 5, 2017.
             Succumbed to an adder's poison
             ... on level 2 of the Dungeon.
             The game lasted 00:02:59 (819 turns).

grizmgrazm2 the Magician (Deep Elf Wizard)           Turns: 819, Time: 00:03:00

Health: 0/16       AC:  5    Str: 10    XL:     2   Next: 65%
Magic:  3/9        EV:  9    Int: 22    God:
Gold:   36         SH:  3    Dex: 13    Spells: 9/10 levels left

rFire    . . .     SeeInvis .   k - -3 short sword (curse)
rCold    . . .     Gourm    .   g - +0 buckler
rNeg     . . .     Faith    .   i - +0 ring mail {rPois}
rPois    +         Spirit   .   b - +0 hat
rElec    .         Reflect  .   (no cloak)
rCorr    .         Harm     .   (no gloves)
MR       .....                  (no boots)
Stlth    +.........             (no amulet)
HPRegen  0.05/turn              h - +6 ring of strength
MPRegen  0.11/turn              (no ring)

@: lethally poisoned (0 -> -11), very slightly contaminated, heavily drained
A: no striking features
a: no special abilities


You were on level 2 of the Dungeon.
You were not hungry.

You visited 1 branch of the dungeon, and saw 2 of its levels.

You collected 36 gold pieces.

Inventory:

Hand Weapons
 k - a cursed -3 short sword (weapon)
Armour
 a - a +0 robe
 b - a +0 hat (worn)
 g - a +0 buckler (worn)
 i - a +0 ring mail of poison resistance (worn)
Jewellery
 h - a +6 ring of strength (left hand)
Scrolls
 j - a scroll of enchant armour {unknown}
Potions
 f - 3 potions of brilliance {unknown}
Books
 c - a book of Minor Magic

   Spells                             Type                      Level
   a - Magic Dart                     Conjuration                  1
   b - Blink                          Translocation                2
   c - Call Imp                       Summoning                    2
   d - Slow                           Hexes                        2
   e - Conjure Flame                  Conjuration/Fire             3
   f - Mephitic Cloud                 Conjuration/Poison/Air       3
Comestibles
 d - a bread ration


   Skills:
 + Level 0.4(0.0) Fighting
 + Level 2.7(1.3) Dodging
 - Level 2.4(1.0) Stealth
 * Level 4.8(3.3) Spellcasting
 * Level 1.9(0.5) Conjurations
   Level 1.1(0.0) Summonings
   Level 1.1(0.0) Translocations


You had 9 spell levels left.
You knew the following spells:

 Your Spells              Type           Power        Failure   Level  Hunger
a - Magic Dart            Conj           #...         38%         1    None


Dungeon Overview and Level Annotations

Branches:
Dungeon (2/15)

Altars:


Message History

The magic dart hits the adder.
The adder is almost dead.
The adder completely misses you.
Casting: Magic Dart
Confirm with . or Enter, or press ? or * to list all spells.
Aiming: Magic Dart
Press: ? - help, Shift-Dir - straight line, f/p - adder
Aim: an adder (almost dead)
You miscast Magic Dart.
Strange energies run through your body.
* * * LOW HITPOINT WARNING * * *
You feel sick. The adder bites you.
* * * LOW HITPOINT WARNING * * *
Casting: Magic Dart
Confirm with . or Enter, or press ? or * to list all spells.
Aiming: Magic Dart
Press: ? - help, Shift-Dir - straight line, f/p - adder
Aim: an adder (almost dead)
The magic dart hits the adder.
You kill the adder!
You die...

###### #.@..#
#†##.# #. #.#
.. #.# .## #.#
#. #.# # #.#
#+####.######
............<#


There were no monsters in sight!

Vanquished Creatures
  An adder (D:2)
  2 giant cockroaches (D:1)
  2 goblins (D:1)
  2 hobgoblins (D:1)
  A bat (D:1)
  2 frilled lizards
  2 kobolds (D:1)
  A rat (D:1)
13 creatures vanquished.

Notes
Turn   | Place    | Note
-------+----------+-------------------------------------------
     0 | D:1      | grizmgrazm2 the Deep Elf Wizard began the quest for the Orb.
     0 | D:1      | Reached XP level 1. HP: 10/10 MP: 7/7
   414 | D:1      | Reached XP level 2. HP: 15/15 MP: 6/9
   819 | D:2      | Succumbed to an adder's poison

Vault maps used:
D:1:      dpeg_arrival_chase, due_unseen_surprise
D:2:      old_standard_altar, nicolae_overflow_crystal_walls,
          makhleb_altar_promises_db, uniq_terence

Action                   || total
-------------------------++-------
Melee: Short sword       ||    20
 Cast: Magic Dart        ||    30
  Use: Scroll            ||     4
       Potion            ||     1
 Stab: Sleeping          ||     1
Armor: Ring mail         ||    12
Dodge: Dodged            ||    19
Block: Buckler           ||     7

Table legend:
 A = Spawn XP
 B = Non-spawn XP
 C = Spawn XP percentage of total XP
 D = Spawn monster count
 E = Non-spawn monster count
 F = Spawn count percentage of total count
 G = Total turns spent on level
                    A         B        C        D         E        F      G
               +---------+---------+-------+---------+---------+-------+---------
         Total |       0 |      31 |   0.0 |       0 |      13 |   0.0 |   819
               +---------+---------+-------+---------+---------+-------+---------
           D:1 |       0 |      17 |   0.0 |       0 |      11 |   0.0 |   783
           D:2 |       0 |      14 |   0.0 |       0 |       2 |   0.0 |    36
               +---------+---------+-------+---------+---------+-------+---------
